 Dungeon Crawl Stone Soup version 0.29-a0-322-g68df515428 (webtiles) character file.

Game seed: 18291101021203904753

21133 sammy202020 the Fighter (level 12, -9/159 HPs)
             Began as a Demonspawn Berserker on Apr 9, 2022.
             Was a High Priest of Trog.
             Mangled by a gargoyle
             ... wielding a +0 mace
              (15 damage)
             ... on level 12 of the Dungeon.
             The game lasted 00:20:41 (15842 turns).

sammy202020 the Fighter (Demonspawn Berserker)     Turns: 15842, Time: 00:20:41

Health: -9/159     AC: 24    Str: 20    XL:     12   Next: 51%
Magic:  12/12      EV:  8    Int: 12    God:    Trog [*****.]
Gold:   875        SH:  0    Dex: 12    Spells: 11/11 levels left

rFire   . . .      SeeInvis .   z - +1 war axe (vorpal)
rCold   . . .      Faith    .   (no shield)
rNeg    . . .      Spirit   .   K - +1 chain mail
rPois   .          Reflect  .   (helmet restricted)
rElec   .          Harm     .   n - +0 cloak
rCorr   +          Rampage  .   e - +0 pair of gloves
Will    +....                   (no boots)
Stlth   ..........              u - amulet of the acrobat
HPRegen 0.36/turn               D - ring of resist corrosion
MPRegen 0.26/turn               (no ring)

@: berserking, sanguine armoured, very quick
A: horns 2, spiny 2, magic regeneration, sanguine armour 2, strong-willed 1
a: Renounce Religion, Berserk, Trog's Hand, Brothers in Arms


You were on level 12 of the Dungeon.
You worshipped Trog.
Trog was extremely pleased with you.
You visited 1 branch of the dungeon, and saw 12 of its levels.
You also visited: Ossuary.

You collected 875 gold pieces.

Inventory:

Hand Weapons
 b - a +3 flail of freezing
 z - a +1 vorpal war axe (weapon)
 M - a +3 mace
 T - a +5 hand axe of flaming
Missiles
 g - 84 poisoned darts (quivered)
 j - 2 datura-tipped darts
 v - 2 atropa-tipped darts
 N - 5 throwing nets
 P - 3 curare-tipped darts
 S - 2 boomerangs
Armour
 e - a +0 pair of gloves (worn)
 n - a +0 cloak (worn)
 K - a +1 chain mail (worn)
 L - a +0 kite shield
Jewellery
 u - an amulet of the acrobat (around neck)
 D - a ring of resist corrosion (left hand)
Wands
 t - a wand of flame (31)
 A - a wand of iceblast (7)
 I - a wand of mindburst (15)
 Q - a wand of acid (7)
Scrolls
 d - 3 scrolls of blinking
 h - a scroll of vulnerability {unknown}
 l - 6 scrolls of immolation
 p - 5 scrolls of teleportation
 q - 4 scrolls of fog
 w - a scroll of amnesia
 y - 3 scrolls of magic mapping
 B - a scroll of silence
 F - a scroll of enchant weapon
 R - a scroll of noise {unknown}
 U - a scroll of summoning
Potions
 a - 5 potions of degeneration
 c - a potion of might
 f - 2 potions of cancellation
 i - a potion of brilliance
 k - 3 potions of flight
 m - 4 potions of lignification
 o - a potion of ambrosia
 r - 6 potions of curing
 s - 2 potions of attraction
 x - 2 potions of haste
 C - 3 potions of mutation
 E - a potion of magic
 G - a potion of berserk rage
 H - 2 potions of resistance {unknown}
 J - a potion of invisibility {unknown}
Miscellaneous
 O - a lightning rod (4/4)


   Skills:
 * Level 13.6 Fighting
 * Level 12.6 Axes
 + Level 8.9 Armour
 - Level 1.7 Dodging


You had 11 spell levels left.
You didn't know any spells.
Your spell library was empty.

Dungeon Overview and Level Annotations

Branches:
Dungeon (12/15)            Temple (0/1) D:6            Lair (0/6) D:9
    Orc (0/2) D:11        Ossuary (visited)

Altars:
Cheibriados
Fedhas
Hepliaklqana
Kikubaaqudgha
Qazlal
Wu Jian
The Shining One

Shops:
D:6 !

Portals:
Trove: D:11 (give +6 demon whip)


Innate Abilities, Weirdness & Mutations

You have a pair of horns on your head.
You are mostly covered in sharp spines.
You regenerate magic rapidly.
When seriously injured, your blood forms thick armour. (AC +9)
You are strong-willed. (Will+)


Message History

The orc knight hits you with a +3 glaive of protection.
You slash the orc warrior!
The orc warrior is heavily wounded.
You completely miss the orc knight.
The orc warrior hits you with a +0 scimitar!!
Your blood congeals into armour.
The orc knight is struck by your spines.
The orc knight hits you but does no damage.
You barely miss the orc warrior.
The orc warrior is heavily wounded.
You hit the orc knight but do no damage.
The orc warrior hits you with a +0 scimitar!!
The orc knight completely misses you.
You are too injured to fight recklessly!
You are too injured to fight recklessly!
You slash the orc knight! Your headbutt misses the orc knight.
The orc knight is moderately wounded.
You hit the orc warrior but do no damage.
The orc warrior hits you but does no damage.
You barely miss the orc knight.
You headbutt the orc knight, but do no damage.
The orc knight is moderately wounded.
You slash the orc warrior!
You kill the orc warrior!
Trog accepts your kill.
The orc knight is struck by your spines.
The orc knight hits you with a +3 glaive of protection!
A red film seems to cover your vision as you go berserk!
You feel yourself moving faster!
You feel mighty!
The orc knight hits you with a +3 glaive of protection!!
* * * LOW HITPOINT WARNING * * *
The gargoyle hits you but does no damage.
You barely miss the gargoyle.
You hit the orc knight but do no damage.
The orc knight hits you with a +3 glaive of protection!!
* * * LOW HITPOINT WARNING * * *
You slice the orc knight!! You headbutt the orc knight.
The orc knight is almost dead.
You slash the gargoyle! The gargoyle hits you with a +0 mace!
You die...

..... ....
...# #..# #..#
#..# #..# #..#
#..# # #.<#
#..# #. ###..#
#..# #.##....#
#9o# #....>..#
#.@#
###.......#
#..#
.........#
#..#
##......##
#..#
#......####..#
#............#
##.....#####.#
##...## #.#
##.#######.#


You could see an orc knight and a gargoyle.

Vanquished Creatures
  Harold (D:11)
  2 boulder beetles
  A two-headed ogre (D:9)
  A tengu warrior (D:10)
  Pikel (D:7)
  3 ugly things
  2 manticores (D:11)
  2 slime creatures (D:9)
  2 cyclopes (D:11)
  A gargoyle (D:9)
  A kobold demonologist (D:8)
  An unseen horror (D:11)
  3 trolls
  A shadow (D:9)
  2 wraiths
  3 wyverns (D:9)
  A basilisk (D:9)
  3 steam dragons
  32 yaks
  Grum (D:8)
  6 water moccasins
  4 orc warriors
  2 sky beasts (D:7)
  A black bear (D:7)
  6 ogres
  3 centaurs
  A wolf (D:8)
  12 kobold brigands
  3 bullfrogs
  A lemure (D:7)
  3 necrophages
  6 gnoll sergeants
  3 elf skeletons (D:4)
  7 wights
  25 killer bees
  2 howler monkeys
  12 hounds
  3 gnoll shamans
  2 human skeletons (D:4)
  6 orc priests
  An iguana (D:7)
  7 orc wizards
  3 mummies (Ossuary)
  31 gnolls
  7 adders
  2 shadow imps (D:8)
  A white imp (D:6)
  An ufetubus (D:7)
  2 dart slugs
  38 orcs
  5 ball pythons
  3 endoplasms (D:3)
  9 giant cockroaches
  6 goblins
  6 hobgoblins
  10 jackals
  6 quokkas
  4 bats
  A frilled lizard (D:1)
  2 goblin zombies (Ossuary)
  2 hobgoblin zombies (Ossuary)
  44 kobolds
  10 kobold skeletons (D:8)
  11 kobold zombies
  An orc skeleton (D:4)
  2 rats
387 creatures vanquished.

Vanquished Creatures (others)
  2 fungi (D:9)
  7 plants (D:9)
9 creatures vanquished.

Grand Total: 396 creatures vanquished

Notes
Turn   | Place    | Note
-------+----------+-------------------------------------------
     0 | D:1      | sammy202020 the Demonspawn Berserker began the quest for
                  | the Orb.
     0 | D:1      | Reached XP level 1. HP: 18/18 MP: 1/1
   653 | D:1      | Gained mutation: You have a pair of small horns on your
                  | head. [demonic ancestry]
   653 | D:1      | Reached XP level 2. HP: 17/24 MP: 2/2
   982 | D:1      | Found a faded altar of an unknown god.
  1366 | D:2      | Gained mutation: When seriously injured, your blood forms
                  | armour. (AC +9) [demonic ancestry]
  1366 | D:2      | Reached XP level 3. HP: 28/29 MP: 3/3
  1417 | D:2      | Reached ** piety under Trog
  1976 | D:2      | Gained mutation: When seriously injured, your blood forms
                  | thick armour. (AC +9) [demonic ancestry]
  1976 | D:2      | Reached XP level 4. HP: 19/37 MP: 4/4
  2252 | D:3      | Found a stormy altar of Qazlal.
  2735 | D:3      | Reached skill level 4 in Fighting
  2926 | D:3      | Found a snail-covered altar of Cheibriados.
  2951 | D:3      | Found a hazy altar of Hepliaklqana.
  3230 | D:4      | Reached XP level 5. HP: 17/43 MP: 5/5
  3253 | D:4      | Found a sand-covered staircase.
  3263 | D:4      | Gained mutation: You are partially covered in sharp spines.
                  | [demonic ancestry]
  3263 | D:4      | Reached XP level 6. HP: 8/50 MP: 6/6
  3266 | Ossuary  | Entered an ossuary
  3266 | Ossuary  | Noticed a wraith
  3266 | Ossuary  | Noticed a wraith
  3266 | Ossuary  | Noticed a wraith
  3759 | Ossuary  | Reached skill level 5 in Fighting
  3905 | Ossuary  | Reached *** piety under Trog
  4047 | Ossuary  | Noticed a wraith
  4063 | Ossuary  | Killed a wraith
  4064 | Ossuary  | Reached skill level 5 in Axes
  4292 | D:4      | Reached XP level 7. HP: 23/53 MP: 7/7
  4318 | D:4      | Reached skill level 6 in Fighting
  4327 | D:4      | Gained mutation: Your body sometimes deteriorates upon
                  | taking damage. [potion of mutation]
  4327 | D:4      | Gained mutation: You are clumsy. (Dex -2) [potion of
                  | mutation]
  4327 | D:4      | Gained mutation: You are somewhat resistant to further
                  | mutation. [potion of mutation]
  4328 | D:4      | Lost mutation: Your body sometimes deteriorates upon taking
                  | damage. [potion of mutation]
  4328 | D:4      | Lost mutation: You are clumsy. (Dex -2) [potion of
                  | mutation]
  4328 | D:4      | Lost mutation: You are somewhat resistant to further
                  | mutation. [potion of mutation]
  4328 | D:4      | Gained mutation: You are strong-willed. (Will+) [potion of
                  | mutation]
  5447 | D:5      | Entered Level 5 of the Dungeon
  5728 | D:5      | Gained mutation: You have a pair of horns on your head.
                  | [demonic ancestry]
  5728 | D:5      | Reached XP level 8. HP: 42/65 MP: 8/8
  6342 | D:6      | Reached skill level 7 in Fighting
  6424 | D:6      | Found Luakle's Distillery.
  6594 | D:6      | Found a staircase to the Ecumenical Temple.
  6693 | D:6      | Found an ornate altar of the Wu Jian Council.
  7766 | D:7      | Found a blossoming altar of Fedhas.
  7785 | D:7      | Reached skill level 8 in Fighting
  7785 | D:7      | Reached skill level 5 in Armour
  7864 | D:7      | Gained mutation: You are mostly covered in sharp spines.
                  | [demonic ancestry]
  7864 | D:7      | Reached XP level 9. HP: 57/74 MP: 9/9
  8177 | D:7      | Noticed Pikel
  8190 | D:7      | Killed Pikel
  8778 | D:7      | Reached **** piety under Trog
  8996 | D:8      | Reached skill level 9 in Fighting
  9487 | D:8      | Noticed Grum
  9491 | D:8      | Killed Grum
 10061 | D:8      | Gained mutation: You regenerate magic rapidly. [demonic
                  | ancestry]
 10061 | D:8      | Reached XP level 10. HP: 36/84 MP: 10/10
 10299 | D:8      | Found an ancient bone altar of Kikubaaqudgha.
 10313 | D:8      | Reached ***** piety under Trog
 10391 | D:8      | Reached skill level 10 in Fighting
 11147 | D:9      | Noticed a gargoyle
 11156 | D:9      | Killed a gargoyle
 11476 | D:9      | Reached skill level 10 in Axes
 11560 | D:9      | Reached skill level 11 in Fighting
 11579 | D:9      | Reached XP level 11. HP: 58/93 MP: 11/11
 11599 | D:9      | Found a staircase to the Lair.
 12127 | D:9      | Noticed a two-headed ogre
 12133 | D:9      | Received a gift from Trog
 12139 | D:9      | Killed a two-headed ogre
 12693 | D:10     | Entered Level 10 of the Dungeon
 12705 | D:10     | Reached skill level 12 in Fighting
 12796 | D:10     | Noticed a tengu warrior
 12805 | D:10     | Noticed a boulder beetle
 12808 | D:10     | Killed a tengu warrior
 12826 | D:10     | Killed a boulder beetle
 13716 | D:10     | Reached XP level 12. HP: 76/103 MP: 12/12
 14401 | D:11     | Noticed a boulder beetle
 14428 | D:11     | Killed a boulder beetle
 14429 | D:11     | Reached skill level 13 in Fighting
 15165 | D:11     | Found a staircase to the Orcish Mines.
 15178 | D:11     | Received a gift from Trog
 15193 | D:11     | HP: 7/157 [poisoned by a gnoll sergeant]
 15196 | D:11     | HP: 2/157 [kobold brigand/+0 whip (4)]
 15202 | D:11     | HP: 2/157 [poisoned by a gnoll sergeant]
 15627 | D:11     | Noticed Harold
 15633 | D:11     | Killed Harold
 15686 | D:11     | Found a portal to a secret trove of treasure.
 15841 | D:12     | HP: 6/159 [orc knight/+3 glaive of protection (21)]
 15842 | D:12     | Mangled by a gargoyle

Illustrated notes

Levels and vault maps discovered:
D:1:      dpeg_chamrin_arrival_tetris, layout_basic,
          hellmonk_ecumenical_altar_lost_god
D:2:      layout_rooms, kennysheep_crisscross, kennysheep_cross_room,
          corexii_leaking_fountain
D:3:      layout_loops_cross, mainiacjoe_overflow_concentric_impassable,
          mainiacjoe_overflow_catwalk_spiral
D:4:      layout_cave_pods, serial_rivers, chequers_serial_rivers_micro_b,
          chequers_serial_rivers_micro_d, chequers_serial_rivers_micro_b,
          chequers_serial_rivers_micro_c, chequers_serial_rivers_marsh,
          nicolae_ossuary_entry_catacombs, minmay_crystal_water
D:5:      layout_gridville
D:6:      layout_loops_ring, mainiacjoe_overflow_six_doors_small,
          minmay_temple_entry_junction_2, corexii_hall_statues_deadend,
          nicolae_stop_n_shop_2, grunt_ministairs_9, kennysheep_generic_room_13
D:7:      layout_loops_corners, nicolae_tso_swordbearing_angel,
          mainiacjoe_overflow_tiny_flanked, uniq_pikel
D:8:      wander_kiku_kobolds, layout_cave_pools, serial_gnoll_camp,
          gnoll_camp_mini_basic, gnoll_camp_mini_doghouse,
          gnoll_camp_mini_loothouse, grums_kennel, gnoll_camp_mini_house,
          gnoll_camp_mini_basic
D:9:      layout_loops_cross, minmay_lair_entry_grove, enter_bailey_7
D:10:     layout_basic, kennysheep_cross_bottleneck, minmay_bent
D:11:     layout_cave_pools, kennysheep_orc_monster_closet_entryway,
          nicolae_trove_entry_crystal, uniq_harold
D:12:     layout_loops_ring, uniq_kirke

Skill      XL: |  1  2  3  4  5  6  7  8  9 10 11 12 |
---------------+-------------------------------------+-----
Axes           | 3 4 5 6 7 8 10 11 12 | 12.6
Armour         | 2 3 4 5 6 7 8 |  8.9
Fighting       | 4 5 6 8 9 11 12 13 | 13.6
Dodging        | |  1.7

Action                   |  1- 3 |  4- 6 |  7- 9 | 10-12 || total
-------------------------+-------+-------+-------+-------++-------
Melee: Hand axe          |    99 |   148 |   163 |       ||   410
       Punch             |     2 |     1 |     3 |     6 ||    12
       Headbutt          |     9 |    27 |    50 |   103 ||   189
       War axe           |       |       |   134 |   409 ||   543
Invok: Berserk           |       |     3 |     1 |     9 ||    13
       Trog's Hand       |       |       |     1 |     5 ||     6
  Use: Scroll            |       |    17 |       |     9 ||    26
       Potion            |       |       |     4 |     1 ||     5
 Stab: Sleeping          |     2 |       |       |       ||     2
Armor: Animal skin       |    17 |       |       |       ||    17
       Ring mail         |       |    45 |    47 |       ||    92
       Leather armour    |       |    10 |       |       ||    10
       Steam dragon scal |       |       |    35 |       ||    35
       Chain mail        |       |       |    49 |   209 ||   258
Dodge: Dodged            |    79 |    73 |   185 |   209 ||   546

Table legend: (Time is in decaauts)
 A = Elapsed time spent in this place.
 B = Non-inter-level travel time spent in this place.
 C = Inter-level travel time spent in this place.
 D = Time resting spent in this place.
 E = Time spent auto-exploring this place.
 F = Levels seen in this place.
 G = Mean time per level.
                   A        B        C        D        E       F      G
               +--------+--------+--------+--------+--------+-----+--------+
         Total |  15989 |  15770 |    219 |    894 |  12504 |  13 | 1229.9 |
       Dungeon |  15020 |  14801 |    219 |    804 |  11799 |  12 | 1251.7 |
       Ossuary |    969 |    969 |      0 |     90 |    705 |   1 |  969.0 |
               +--------+--------+--------+--------+--------+-----+--------+

Top non-repeatable levels by time:
     D:8: 1911 daAuts
     D:9: 1887 daAuts
    D:11: 1692 daAuts
    D:10: 1400 daAuts
     D:1: 1360 daAuts
     D:4: 1346 daAuts
     D:7: 1345 daAuts
     D:6: 1288 daAuts
 Ossuary: 969 daAuts
     D:3: 958 daAuts
     D:5: 892 daAuts
     D:2: 885 daAuts
    D:12: 51 daAuts
